 Dungeon Crawl Stone Soup version 0.24-a0-251-g44e327ef01 (webtiles) character file.

Game seed: 14998799758605131287

11 Redear the Ducker (level 2, 0/21 HPs)
             Began as an Octopode Fighter on Apr 17, 2019.
             Slain by a jackal (3 damage)
             ... on level 1 of the Dungeon.
             The game lasted 00:00:37 (89 turns).

Redear the Ducker (Octopode Fighter)                  Turns: 89, Time: 00:00:37

Health: 0/21       AC:  1    Str: 20    XL:     2   Next: 29%
Magic:  2/2        EV: 11    Int: 10    God:
Gold:   5          SH:  9    Dex: 11    Spells: 1/1 levels left

rFire    . . .     SeeInvis .   a - +0 long sword
rCold    . . .     Gourm    .   b - +0 shield
rNeg     . . .     Faith    .   (helmet restricted)
rPois    .         Spirit   .   (no amulet)
rElec    .         Reflect  .   (no ring)
rCorr    .         Harm     .   (no ring)
MR       .....                  (no ring)
Stlth    ++........             (no ring)
HPRegen  0.07/turn              (no ring)
MPRegen  0.08/turn              (no ring)
                                (no ring)
                                (no ring)

@: mighty, lethally poisoned (0 -> -6)
A: almost no armour, stealthy swim, amphibious, 8 rings, constrict 8, camouflage
1, gelatinous body 1
a: no special abilities


You were on level 1 of the Dungeon.
You were not hungry.

You visited 1 branch of the dungeon, and saw 1 of its levels.

You collected 5 gold pieces.

Inventory:

Hand Weapons
 a - a +0 long sword (weapon)
Armour
 b - a +0 shield (worn)
Comestibles
 z - 2 rations


   Skills:
 + Level 3.1 Fighting
 + Level 2.1 Long Blades
 + Level 3.1 Dodging
 + Level 1.0 Stealth
 + Level 3.1 Shields


You had one spell level left.
You didn't know any spells.
Your spell library was empty.

Dungeon Overview and Level Annotations

Branches:
Dungeon (1/15)

Altars:


Innate Abilities, Weirdness & Mutations

You cannot wear most types of armour.
You are very stealthy in the water. (Stealth+)
You are amphibious.
You can wear up to eight rings at the same time.
You can use your tentacles to constrict eight enemies at once.
Your skin changes colour to match your surroundings (Stealth+).
Your rubbery body absorbs attacks. (AC +1, EV +1)


Message History

You block the jackal's attack. x2
You take 1 damage, and have 8/21 hp.
Unknown command.
Press: ? - help, v - describe, . - travel
Here: a goblin, wielding a +1 dagger of venom The floor.
Unknown command.
You feel very mighty all of a sudden. The jackal bites you.
* * * LOW HITPOINT WARNING * * *
A rat comes into view.
The jackal bites you.
* * * LOW HITPOINT WARNING * * *
You take 4 damage, and have 4/21 hp.
You hit the jackal. You grab the jackal.
The jackal is heavily wounded.
You constrict the jackal.
* * * LOW HITPOINT WARNING * * *
You feel sick. You block the jackal's attack. The jackal bites you.
You die...

...##...# . #####...##
.## .).......### #..
..#.....!..## #.# ###
..#...#.....# #.##..##
..#..#...#..##
##..r†!.#
..#..#..#.(..##
#....#...#
#.#.#..#..(...####...##
...#
#.#.#.#...#.....@hg.##
..#
.#.#.#..##....##.##.#
##
#...#.##.....###.##.#
.....#.......# #.##..
..<..)######(###.#####
.....#........##.#
#...#.##...†..##.#
.#.#.#..##....##.#
#.#.#.#...#......#


You could see a jackal, a goblin and a rat.

Vanquished Creatures
  2 dart slugs (D:1)
  A leopard gecko (D:1)
  A goblin (D:1)
  A kobold (D:1)
  2 frilled lizards (D:1)
7 creatures vanquished.

Notes
Turn   | Place    | Note
-------+----------+-------------------------------------------
     0 | D:1      | Redear the Octopode Fighter began the quest for the Orb.
     0 | D:1      | Reached XP level 1. HP: 16/16 MP: 1/1
    63 | D:1      | Reached XP level 2. HP: 21/21 MP: 2/2
    70 | D:1      | Reached skill level 1 in Stealth
    89 | D:1      | Slain by a jackal

Levels and vault maps discovered:
D:1:      minmay_arrival_radiant_lines, layout_loops_ring, minmay_cupped

Skill      XL: |  1  2 |
---------------+-------+-----
Stealth        | 1 |  1.0
Fighting       | |  3.1
Long Blades    | |  2.1
Dodging        | |  3.1
Shields        | |  3.1

Action                   || total
-------------------------++-------
Melee: Long sword        ||    19
       Constrict         ||     6
       Tentacles         ||     3
  Use: Potion            ||     1
 Stab: Sleeping          ||     3
Armor: Skin              ||     2
Dodge: Dodged            ||     5
Block: Shield            ||    15
       Rpst.: Long sword ||     2

Table legend:
 A = Non-vault XP
 B = Vault XP
 C = Vault XP percentage of total XP
 D = Non-vault monster count
 E = Vault monster count
 F = Vault count percentage of total count
                 A         B        C        D         E       F
            +---------+---------+-------+---------+---------+-------
      Total |      13 |       4 |  23.5 |       6 |       1 |  14.3
            +---------+---------+-------+---------+---------+-------
        D:1 |      13 |       4 |  23.5 |       6 |       1 |  14.3
            +---------+---------+-------+---------+---------+-------
